 Dungeon Crawl Stone Soup version 0.29-a0-648-g6b26cc9f40 (webtiles) character file.

Game seed: 13527392795648945683

802 croobank the Covert (level 7, -3/60 HPs)
             Began as a Gnoll Delver on June 20, 2022.
             Slain by Duvessa
             ... wielding a +0 short sword
              (6 damage)
             ... on level 4 of the Dungeon.
             The game lasted 00:16:06 (3949 turns).

croobank the Covert (Gnoll Delver)                  Turns: 3949, Time: 00:16:07

Health: -3/60      AC:  6    Str: 11    XL:     7   Next: 91%
Magic:  11/11      EV: 13    Int: 12    God:
Gold:   186        SH:  0    Dex: 13    Spells: 10/11 levels left

rFire   . . .      SeeInvis .   w - +6 quarterstaff (chaos)
rCold   + . .      Faith    .   (shield currently unavailable)
rNeg    . . .      Spirit   .   b - +0 leather armour
rPois   .          Reflect  .   u - +0 helmet
rElec   .          Harm     .   C - +0 cloak
rCorr   .          Rampage  .   G - +0 pair of gloves
Will    .....                   (no boots)
Stlth   ++++......              (no amulet)
HPRegen 0.20/turn               l - ring of protection from cold
MPRegen 0.12/turn               (no ring)

@: hasted, very quick
A: fangs 1, strong nose, distributed training
a: no special abilities


You were on level 4 of the Dungeon.
You visited 1 branch of the dungeon, and saw 5 of its levels.

You collected 206 gold pieces.
You spent 20 gold pieces at shops.

Inventory:

Hand Weapons
 a - a +0 hand axe
 e - a +2 vorpal flail
 k - a +1 hunting sling
 n - a +0 rapier
 o - a +0 vorpal long sword
 p - the +5 mace of Mecozxun {vorpal, Fly SInv}
   (You found it on level 4 of the Dungeon)

   It inflicts extra damage upon your enemies.
   SInv:      It lets you see invisible.
   Fly:       It grants you flight.
 q - a +2 scythe of venom
 t - a +0 dagger
 w - a +6 quarterstaff of chaos (weapon)
 z - a +0 halberd
 A - a +0 trident
Missiles
 m - 6 boomerangs (quivered)
 v - 41 stones
 H - 6 javelins
Armour
 b - a +0 leather armour (worn)
 u - a +0 helmet (worn)
 C - a +0 cloak (worn)
 G - a +0 pair of gloves (worn)
Jewellery
 l - a ring of protection from cold (left hand)
Wands
 g - a wand of digging (3)
 i - a wand of quicksilver (5)
 j - a wand of iceblast (1)
 r - a wand of flame (16)
Scrolls
 c - 2 scrolls of fog
 d - 2 scrolls of magic mapping
 h - 3 scrolls of amnesia
 x - 2 scrolls of teleportation
 y - a scroll of enchant weapon
Potions
 f - 2 potions of haste
 s - a potion of curing
 B - a potion of brilliance
 D - a potion of mutation


   Skills:
 + Level 7.1 Fighting
 + Level 2.8 Short Blades
 + Level 2.8 Long Blades
 + Level 5.4 Axes
 + Level 2.8 Maces & Flails
 + Level 2.8 Polearms
 + Level 2.8 Staves
 + Level 2.8 Slings
 + Level 2.8 Bows
 + Level 2.8 Crossbows
 + Level 2.8 Throwing
 + Level 2.8 Armour
 + Level 5.4 Dodging
 + Level 10.0 Stealth
 + Level 2.8 Shields
 + Level 2.8 Unarmed Combat
 + Level 2.8 Spellcasting
 + Level 2.2 Conjurations
 + Level 2.2 Hexes
 + Level 2.2 Summonings
 + Level 2.2 Necromancy
 + Level 2.2 Translocations
 + Level 2.2 Transmutations
 + Level 2.2 Fire Magic
 + Level 2.2 Ice Magic
 + Level 2.2 Air Magic
 + Level 2.2 Earth Magic
 + Level 2.2 Poison Magic
 + Level 3.1 Invocations
 + Level 2.8 Evocations


You had 10 spell levels left.
You knew the following spells:

 Your Spells              Type           Power      Damage    Failure   Level
a - Beastly Appendage     Tmut           14%        N/A       13%         1

Your spell library contained the following spells:

 Spells                   Type           Power      Damage    Failure   Level
 Ice Form                 Ice/Tmut       7%         N/A       77%         4
 Freezing Cloud           Conj/Ice/Air   3%         6-21      98%         5
 Simulacrum               Ice/Necr       3%         N/A       100%        6
 Enfeeble                 Hex            3%         N/A       100%        7
 Polar Vortex             Ice            3%         N/A       100%        9


Dungeon Overview and Level Annotations

Branches:
Dungeon (5/15)             Temple (0/1) D:4

Altars:

Shops:
D:3 ?

Annotations:
D:4 Duvessa, Natasha


Innate Abilities, Weirdness & Mutations

You have very sharp teeth.
Your uncanny sense of smell can sniff out nearby items.
Your experience applies equally to all skills.


Message History

You start resting.
HP restored.
Duvessa shouts!
Duvessa goes berserk!
k - a +1 hunting sling (weapon)
Fire: k) +1 hunting sling
Press: ? - help, Q - select action, (/) - cycle Shift-Dir - straight line, f - Duvessa
Aim: Duvessa, wielding a +0 short sword and wearing a +0 leather armour (berserk, 64% to hit)
You shoot a sling bullet.
The sling bullet hits Duvessa but does no damage.
Casting: Beastly Appendage (safe; 13% risk of failure)
Confirm with . or Enter, or press ? or * to list all spells.
You miscast Beastly Appendage.
You are very lightly contaminated with residual magic.
Nothing appears to happen.
Your +6 quarterstaff of chaos is briefly surrounded by a scintillating aura of random colours.
w - a +6 quarterstaff of chaos (weapon)
You thump Duvessa! You drain Duvessa.
Duvessa is moderately wounded.
Duvessa hits you with a +0 short sword! Duvessa barely misses you.
You hit Duvessa. You burn Duvessa.
Duvessa is moderately wounded.
Duvessa hits you with a +0 short sword. x2
You hit Duvessa.
Duvessa flickers and vanishes!
Deactivating autopickup; reactivate with Ctrl-A.
Something hits you but does no damage. Something hits you!
You closely miss something. Something hits you!
* * * LOW HITPOINT WARNING * * *
You closely miss something. Something hits you but does no damage.
Something hits you.
* * * LOW HITPOINT WARNING * * *
Your magical contamination has completely faded away.
You feel yourself speed up. Something hits you.
* * * LOW HITPOINT WARNING * * *
Aiming: Iceblast
Press: ? - help, Shift-Dir - straight line, f - you
Okay, then.
You barely miss something. Something hits you but does no damage.
You completely miss something. Something hits you.
You die...

.##..........# ...#
.##..........# ...#
.##.......#.## #######.#.#
.##.......#.####.........#.#
..........................Je
########..#.#.##.........#.#
########..#.#........#.#.#
........†.#.#........#.# #
########.##†#...@...[# #
##.........).....{...#.#
##..........#...[...##.#
##.........[#......[[..#.#..
##..........########........
##..........# #..........
##..........# #.#........
###########.# #.#........ #
#.# # #.......#


There were no monsters in sight!

Vanquished Creatures
  Sigmund (D:3)
  A black bear (D:5)
  A necrophage (D:5)
  A scorpion (D:4)
  Dowan (D:4)
  2 orc priests (D:4)
  Crazy Yiuf (D:3)
  Jessica (D:3)
  3 orc wizards
  Robin (D:3)
  4 gnolls
  7 adders
  3 worms
  10 orcs
  6 ball pythons
  4 endoplasms
  A giant cockroach (D:2)
  12 goblins (D:3)
  4 hobgoblins
  8 jackals
  5 kobolds
  2 quokkas
  5 bats
  A frilled lizard (D:3)
  2 rats (D:1)
87 creatures vanquished.

Vanquished Creatures (others)
  A plant (D:2)
1 creature vanquished.

Grand Total: 88 creatures vanquished

Notes
Turn   | Place    | Note
-------+----------+-------------------------------------------
     0 | D:5      | Reached skill level 9 in Stealth
     0 | D:5      | croobank the Gnoll Delver began the quest for the Orb.
     0 | D:5      | Reached XP level 1. HP: 23/23 MP: 1/1
   122 | D:4      | Noticed Natasha
   126 | D:5      | Reached XP level 2. HP: 29/29 MP: 2/2
   151 | D:5      | Noticed a necrophage
   160 | D:5      | Killed a necrophage
   161 | D:5      | Reached skill level 1 in Short Blades
   161 | D:5      | Reached skill level 1 in Long Blades
   161 | D:5      | Reached skill level 1 in Maces & Flails
   161 | D:5      | Reached skill level 1 in Polearms
   161 | D:5      | Reached skill level 1 in Staves
   161 | D:5      | Reached skill level 1 in Slings
   161 | D:5      | Reached skill level 1 in Bows
   161 | D:5      | Reached skill level 1 in Crossbows
   161 | D:5      | Reached skill level 1 in Throwing
   161 | D:5      | Reached skill level 1 in Armour
   161 | D:5      | Reached skill level 1 in Shields
   161 | D:5      | Reached skill level 1 in Unarmed Combat
   161 | D:5      | Reached skill level 1 in Spellcasting
   161 | D:5      | Reached skill level 1 in Invocations
   161 | D:5      | Reached skill level 1 in Evocations
   161 | D:5      | Reached XP level 3. HP: 34/35 MP: 2/4
   161 | D:5      | Reached XP level 4. HP: 40/41 MP: 2/5
   277 | D:4      | Found a staircase to the Ecumenical Temple.
   289 | D:4      | Identified the +5 mace of Mecozxun {vorpal, Fly SInv}
   445 | D:3      | Found a runed translucent door.
   446 | D:3      | Noticed Crazy Yiuf
   492 | D:3      | Reached skill level 1 in Conjurations
   492 | D:3      | Reached skill level 1 in Hexes
   492 | D:3      | Reached skill level 1 in Summonings
   492 | D:3      | Reached skill level 1 in Necromancy
   492 | D:3      | Reached skill level 1 in Translocations
   492 | D:3      | Reached skill level 1 in Transmutations
   492 | D:3      | Reached skill level 1 in Fire Magic
   492 | D:3      | Reached skill level 1 in Ice Magic
   492 | D:3      | Reached skill level 1 in Air Magic
   492 | D:3      | Reached skill level 1 in Earth Magic
   492 | D:3      | Reached skill level 1 in Poison Magic
   596 | D:3      | Noticed Sigmund
   600 | D:3      | Killed Sigmund
   601 | D:3      | Reached XP level 5. HP: 37/47 MP: 5/7
   601 | D:3      | Reached XP level 6. HP: 42/53 MP: 5/8
   674 | D:3      | Noticed Jessica
   683 | D:3      | Killed Jessica
   766 | D:3      | Noticed Robin
   776 | D:3      | Reached skill level 5 in Axes
   776 | D:3      | Reached skill level 5 in Dodging
   804 | D:3      | Killed Robin
  1102 | D:3      | Found Iwouvyr's Magic Scroll Shoppe.
  1110 | D:3      | Bought a scroll of identify for 20 gold pieces
  1507 | D:1      | Found a faded altar of an unknown god.
  1665 | D:1      | You are sucked into a shaft and drop 1 floor!
  1873 | D:2      | Got Zethiwe's Compendium of Mutagenic Malediction
  1876 | D:2      | Learned a level 1 spell: Beastly Appendage
  2677 | D:3      | Reached XP level 7. HP: 38/59 MP: 10/10
  3149 | D:3      | Killed Crazy Yiuf
  3497 | D:4      | Noticed Dowan
  3742 | D:4      | Noticed Duvessa
  3872 | D:5      | Reached skill level 10 in Stealth
  3888 | D:4      | Killed Dowan
  3947 | D:4      | HP: 3/60 [something (3)]
  3949 | D:4      | Slain by Duvessa

Illustrated notes

Levels and vault maps discovered:
D:1:      amcnicky_arrival_wind_blow, layout_basic, ebering_ecumenical_altar_box
D:2:      layout_rooms, serial_forest, infiniplex_forest_clump_long,
          infiniplex_forest_end_double, infiniplex_forest_diagonal,
          infiniplex_forest_straight_4, infiniplex_forest_straight_1,
          infiniplex_forest_zigzag_1, infiniplex_forest_straight_5
D:3:      layout_basic, serial_shops, shop, minivault_23, uniq_sigmund,
          uniq_crazy_yiuf_cottage, uniq_robin, uniq_jessica
D:4:      layout_basic, minmay_temple_entry_statues, uniq_natasha, uniq_duvessa
D:5:      layout_basic, grunt_decor_one_mirror, cheibrodos_gnoll_hut

Skill      XL: |  1  2  3  4  5  6  7 |
---------------+----------------------+-----
Stealth        | 10 | 10.0
Short Blades   | 1 2 |  2.8
Long Blades    | 1 2 |  2.8
Maces & Flails | 1 2 |  2.8
Polearms       | 1 2 |  2.8
Staves         | 1 2 |  2.8
Slings         | 1 2 |  2.8
Bows           | 1 2 |  2.8
Crossbows      | 1 2 |  2.8
Throwing       | 1 2 |  2.8
Armour         | 1 2 |  2.8
Shields        | 1 2 |  2.8
Unarmed Combat | 1 2 |  2.8
Spellcasting   | 1 2 |  2.8
Invocations    | 1 2 3 |  3.1
Evocations     | 1 2 |  2.8
Conjurations   | 1 2 |  2.2
Hexes          | 1 2 |  2.2
Summonings     | 1 2 |  2.2
Necromancy     | 1 2 |  2.2
Translocations | 1 2 |  2.2
Transmutations | 1 2 |  2.2
Fire Magic     | 1 2 |  2.2
Ice Magic      | 1 2 |  2.2
Air Magic      | 1 2 |  2.2
Earth Magic    | 1 2 |  2.2
Poison Magic   | 1 2 |  2.2
Axes           | 5 |  5.4
Dodging        | 5 |  5.4
Fighting       | 7 |  7.1

Action                   |  1- 3 |  4- 6 |  7- 9 || total
-------------------------+-------+-------+-------++-------
Melee: Hand axe          |    15 |     1 |       ||    16
       Bite              |     2 |     7 |     6 ||    15
       Mace              |       |   117 |    21 ||   138
       Kick              |       |     7 |       ||     7
       Headbutt          |       |     4 |       ||     4
       Quarterstaff      |       |       |    38 ||    38
 Fire: Hunting sling     |       |       |     1 ||     1
Throw: Boomerang         |     3 |       |       ||     3
 Cast: Beastly Appendage |       |     7 |     2 ||     9
Evoke: Wand              |     3 |     2 |       ||     5
  Use: Potion            |       |     1 |     4 ||     5
       Scroll            |       |     2 |     9 ||    11
 Stab: Sleeping          |       |     9 |     1 ||    10
       Distracted        |       |       |     1 ||     1
Armor: Leather armour    |     3 |    17 |    32 ||    52
Dodge: Dodged            |    11 |    87 |    33 ||   131

Table legend: (Time is in decaauts)
 A = Elapsed time spent in this place.
 B = Non-inter-level travel time spent in this place.
 C = Inter-level travel time spent in this place.
 D = Time resting spent in this place.
 E = Time spent auto-exploring this place.
 F = Levels seen in this place.
 G = Mean time per level.
                   A        B        C        D        E       F      G
               +--------+--------+--------+--------+--------+-----+--------+
         Total |   3980 |   3922 |     58 |    901 |   1961 |   5 |  796.0 |
       Dungeon |   3980 |   3922 |     58 |    901 |   1961 |   5 |  796.0 |
               +--------+--------+--------+--------+--------+-----+--------+

Top non-repeatable levels by time:
     D:3: 1864 daAuts
     D:2: 737 daAuts
     D:4: 646 daAuts
     D:1: 485 daAuts
     D:5: 246 daAuts
